 Dungeon Crawl Stone Soup version 0.27-a0-421-g7ddf969dea (webtiles) character file.

Game seed: 5164354121283899732

622 wakim the Ducker (level 7, 0/40 (47) HPs)
             Began as an Octopode Transmuter on Feb 26, 2021.
             Slain by an orc wizard
             ... wielding a +2 dagger of draining
              (7 damage)
             ... on level 7 of the Dungeon.
             The game lasted 00:19:33 (5133 turns).

wakim the Ducker (Octopode Transmuter)              Turns: 5133, Time: 00:19:33

HP:   0/40 (47)     AC:  1    Str: 11    XL:     7   Next: 46%
MP:   11/11         EV: 17    Int: 16    God:
Gold: 217           SH:  0    Dex: 18    Spells: 11/12 levels left

rFire    . . .     SeeInvis .   s - +0 rapier
rCold    . . .     Faith    +   (no shield)
rNeg     + . .     Spirit   .   (helmet restricted)
rPois    .         Reflect  .   n - amulet of faith
rElec    .         Harm     .   e - ring of positive energy
rCorr    .         Rampage  .   i - +6 ring of dexterity
Will     .....                  (no ring)
Stlth    ++........             (no ring)
HPRegen  0.13/turn              (no ring)
MPRegen  0.12/turn              (no ring)
                                (no ring)
                                (no ring)

@: confused, heavily drained
A: almost no armour, stealthy swim, amphibious, 8 rings, constrict 8, camouflage
1, gelatinous body 1
a: no special abilities


You were on level 7 of the Dungeon.
You visited 1 branch of the dungeon, and saw 5 of its levels.
You also visited: Sewer.

You collected 217 gold pieces.

Inventory:

Hand Weapons
 s - a +0 rapier (weapon)
Missiles
 b - 159 stones
 g - 4 atropa-tipped darts
 q - 19 poisoned darts (quivered)
Jewellery
 e - a ring of positive energy (left tentacle)
 i - a +6 ring of dexterity (right tentacle)
 n - an amulet of faith (around mantle)
Scrolls
 a - 6 scrolls of identify
Potions
 c - 3 potions of flight {unknown}
 f - 2 potions of curing
 m - a potion of brilliance {unknown}
 o - 3 potions of heal wounds {unknown}
 p - a potion of experience {unknown}


   Skills:
 + Level 3.9 Fighting
 * Level 6.0 Dodging
 + Level 3.5 Stealth
 - Level 3.0 Unarmed Combat
 - Level 3.0 Spellcasting
 - Level 2.0 Transmutations


You had 11 spell levels left.
You knew the following spells:

 Your Spells              Type           Power        Failure   Level
a - Beastly Appendage     Tmut           16%          9%          1

Your spell library contained the following spells:

 Spells                   Type           Power        Failure   Level
 Wereblood                Tmut           8%           12%         2
 Spider Form              Tmut/Pois      2%           36%         3
 Ice Form                 Ice/Tmut       5%           77%         4
 Blade Hands              Tmut           4%           92%         5


Dungeon Overview and Level Annotations

Branches:
Dungeon (4/15)              Sewer (visited)
 Temple: D:4-7

Altars:

Annotations:
D:3 1 runed translucent door, Crazy Yiuf
D:4 Edmund


Innate Abilities, Weirdness & Mutations

You cannot wear most types of armour.
You are very stealthy in the water. (Stealth+)
You are amphibious.
You can wear up to eight rings at the same time.
You can use your tentacles to constrict eight enemies at once.
Your skin changes colour to match your surroundings (Stealth+).
Your rubbery body absorbs attacks. (AC +1, EV +1)


Message History

You hit the orc warrior.
The orc warrior is severely wounded.
You constrict the orc warrior. The orc warrior barely misses you.
You hit the orc warrior.
You squeeze the orc warrior, but do no damage.
The orc warrior is almost dead.
You constrict the orc warrior.
You kill the orc warrior!
You hear some strange, mumbled words.
Something tries to affect you, but you resist.
Your Dodging skill increases to level 6!
Something completely misses you.
You hit something. Something hits you.
* * * LOW HITPOINT WARNING * * *
You partially resist.
You feel drained.
You hit something but do no damage. You squeeze something!
Your tentacle spike disappears.
Something hits you.
* * * LOW HITPOINT WARNING * * *
You partially resist.
You feel drained.
You miss something. Your squeeze misses something. Something hits you.
* * * LOW HITPOINT WARNING * * *
You partially resist.
You feel drained.
You closely miss something. Something hits you.
* * * LOW HITPOINT WARNING * * *
You partially resist.
You feel drained.
You barely miss something. You squeeze something. Something hits you.
* * * LOW HITPOINT WARNING * * *
You partially resist.
You feel drained.
You hear some strange, mumbled words.
You are confused.
You bump into the rock wall.
You hear some strange, mumbled words.
You are more confused.
You're too confused to cast spells.
Sorry, you're not good enough to have a special ability.
You're too confused to cast spells.
Sorry, you're not good enough to have a special ability.
You bump into the rock wall.
Something hits you!
You die...

##.
#####.....
#######@o5(o#
#.......#####
###.########
#........#
########.#
#.# #... #.#
...### #.#
##..##.. #.#
#.....>


You could see a white imp and 2 orcs.

Vanquished Creatures
  An orc warrior (D:7)
  A phantom (D:4)
  A kobold brigand (Sewer)
  An orc priest (D:4)
  A centaur skeleton (D:7)
  Natasha (thrice) (D:2)
  2 orc wizards
  A river rat (Sewer)
  9 adders
  An ooze (D:3)
  A worm (D:2)
  5 dart slugs
  4 leopard geckos
  An orc (D:3)
  4 giant cockroaches
  7 goblins
  8 hobgoblins
  A jackal (Sewer)
  3 quokkas
  10 bats
  10 frilled lizards
  14 kobolds
  A quokka zombie (D:7)
  14 rats
104 creatures vanquished.

Notes
Turn   | Place    | Note
-------+----------+-------------------------------------------
     0 | D:1      | wakim the Octopode Transmuter began the quest for the Orb.
     0 | D:1      | Reached XP level 1. HP: 13/13 MP: 3/3
   556 | D:1      | Reached XP level 2. HP: 16/18 MP: 3/5
  1483 | D:2      | Noticed Natasha
  1494 | D:2      | Killed Natasha
  1495 | D:2      | Reached skill level 3 in Dodging
  1495 | D:2      | Reached XP level 3. HP: 9/24 MP: 4/6
  1891 | D:2      | Reached XP level 4. HP: 29/29 MP: 5/7
  2226 | D:2      | Noticed Natasha
  2281 | D:2      | Killed Natasha
  2588 | D:2      | Reached XP level 5. HP: 23/34 MP: 7/9
  2895 | D:2      | Noticed Natasha
  2904 | D:2      | Killed Natasha
  2905 | D:2      | Reached skill level 4 in Dodging
  3192 | D:3      | Found a runed translucent door.
  3193 | D:3      | Noticed Crazy Yiuf
  3758 | D:4      | Reached XP level 6. HP: 41/41 MP: 8/10
  3773 | D:4      | Noticed Edmund
  3846 | D:4      | Reached skill level 5 in Dodging
  3846 | D:4      | Reached skill level 1 in Stealth
  3987 | D:4      | Found a glowing drain.
  3991 | Sewer    | Entered a sewer
  4393 | Sewer    | Found a white marble altar of Elyvilon.
  4548 | D:4      | Reached XP level 7. HP: 6/46 MP: 11/11
  5007 | D:4      | You fall into a shaft and drop 3 floors!
  5124 | D:7      | Reached skill level 6 in Dodging
  5133 | D:7      | Slain by an orc wizard

Illustrated notes

Levels and vault maps discovered:
D:1:      saegor_arrival_simple_b, layout_loops_ring, grunt_decor_resistance,
          minivault_5, minivault_25
D:2:      layout_basic, uniq_natasha
D:3:      layout_rooms, serial_corexii_hall, chequers_hall_statues_y,
          chequers_hall_statues_y, corexii_hall_statues_t,
          chequers_hall_statues_y, uniq_crazy_yiuf_cottage
D:4:      layout_basic, old_standard_altar, serial_shops, shop,
          gup_sewer_entry_spiral, uniq_edmund
D:7:      layout_rooms

Skill      XL: |  1  2  3  4  5  6  7 |
---------------+----------------------+-----
Dodging        | 3 4 5 6 |  6.0
Fighting       | 2 3 |  3.9
Spellcasting   | 3 |  3.0
Stealth        | 2 3 |  3.5
Unarmed Combat | |  3.0
Transmutations | |  2.0

Action                   |  1- 3 |  4- 6 |  7- 9 || total
-------------------------+-------+-------+-------++-------
Melee: Unarmed           |    13 |       |       ||    13
       Short sword       |    55 |    61 |       ||   116
       Constrict         |    17 |    41 |     7 ||    65
       Kick              |    12 |    31 |     7 ||    50
       Tentacles         |     6 |    26 |    12 ||    44
       Punch             |     1 |     3 |     1 ||     5
       Rapier            |       |    65 |    31 ||    96
Throw: Stone             |    17 |    14 |       ||    31
       Dart              |     1 |    15 |     1 ||    17
 Cast: Beastly Appendage |    22 |    33 |     5 ||    60
  Use: Scroll            |       |     7 |       ||     7
       Potion            |       |     1 |       ||     1
 Stab: Sleeping          |     5 |     9 |       ||    14
Armor: Skin              |     5 |     6 |       ||    11
Dodge: Dodged            |    33 |   100 |    25 ||   158

Table legend: (Time is in decaauts)
 A = Elapsed time spent in this place.
 B = Non-inter-level travel time spent in this place.
 C = Inter-level travel time spent in this place.
 D = Time resting spent in this place.
 E = Time spent auto-exploring this place.
 F = Levels seen in this place.
 G = Mean time per level.
                   A        B        C        D        E       F      G
               +--------+--------+--------+--------+--------+-----+--------+
         Total |   5169 |   4978 |    191 |   2064 |   1870 |   6 |  861.5 |
       Dungeon |   4726 |   4535 |    191 |   1775 |   1787 |   5 |  945.2 |
         Sewer |    443 |    443 |      0 |    289 |     83 |   1 |  443.0 |
               +--------+--------+--------+--------+--------+-----+--------+

Top non-repeatable levels by time:
     D:1: 1471 daAuts
     D:2: 1405 daAuts
     D:3: 1334 daAuts
   Sewer: 443 daAuts
     D:4: 384 daAuts
     D:7: 130 daAuts
